 Dungeon Crawl Stone Soup version 0.29.1-13-g9f3cf754e1 (webtiles) character file.

Game seed: 13730970586961609168

613 Gabide the Cudgeller (level 7, 0/56 HPs)
             Began as a Formicid Berserker on Jan 30, 2023.
             Was a Priest of Trog.
             Engulfed by a cloud of poison gas (6 damage)
             ... on level 7 of the Dungeon.
             The game lasted 00:06:18 (4109 turns).

Gabide the Cudgeller (Formicid Berserker)           Turns: 4109, Time: 00:06:19

Health: 0/56       AC:  6    Str: 26    XL:     7   Next: 72%
Magic:  0/7        EV: 13    Int:  5    God:    Trog [***...]
Gold:   186        SH:  0    Dex: 22    Spells: 6/6 levels left

rFire   + + .      SeeInvis +   t - +0 flail
rCold   + . .      Faith    .   (no shield)
rNeg    . . .      Spirit   +   p - +0 ring mail
rPois   .          Reflect  .   (helmet unavailable)
rElec   .          Harm     .   (no cloak)
rCorr   .          Rampage  .   (no gloves)
Will    .....                   g - +0 pair of boots
Stlth   +.........              w - amulet of guardian spirit
HPRegen 0.18/turn               o - ring of Evvef {rF++ Dex+6}
MPRegen 0.10/turn               v - ring of protection from cold

@: lethally poisoned (0 -> -13)
A: permanent stasis, dig shafts and tunnels, antennae 3, four strong arms, agile
1, strong 1, subdued magic 1
a: Dig, Shaft Self, Renounce Religion, Trog's Hand


You were on level 7 of the Dungeon.
You worshipped Trog.
Trog was most pleased with you.
You visited 1 branch of the dungeon, and saw 5 of its levels.

You collected 186 gold pieces.

Inventory:

Hand Weapons
 t - a +0 flail (weapon)
Missiles
 c - 14 poisoned darts (quivered)
 l - 6 silver javelins
Armour
 g - a +0 pair of boots (worn)
 p - a +0 ring mail (worn)
Jewellery
 o - the ring of Evvef (left hand) {rF++ Dex+6}
   (You found it on level 2 of the Dungeon)

   [ring of dexterity]

   Dex:       It affects your dexterity (+6).
   rF:        It greatly protects you from fire.
 v - a ring of protection from cold (right hand)
 w - an amulet of guardian spirit (around neck)
Scrolls
 a - a scroll of silence {unknown}
 b - a scroll of torment {unknown}
 e - a scroll of identify
 f - a scroll of poison
 i - a scroll of vulnerability {unknown}
 k - a scroll of fog {unknown}
 n - a scroll of brand weapon {unknown}
 q - 2 scrolls of enchant weapon
 r - a scroll of summoning {unknown}
 s - a scroll of blinking {unknown}
 u - a scroll of acquirement {unknown}
Potions
 d - 2 potions of attraction
 h - a potion of cancellation {unknown}
 j - a potion of mutation
 m - a potion of lignification {unknown}
 x - a potion of magic {unknown}
 z - a potion of invisibility {unknown}
 A - a potion of berserk rage {unknown}


   Skills:
 + Level 5.3 Fighting
 * Level 6.3 Maces & Flails
 - Level 2.1 Armour
 + Level 3.9 Dodging


You had 6 spell levels left.
You didn't know any spells.
Your spell library was empty.

Dungeon Overview and Level Annotations

Branches:
Dungeon (4/15)             Temple (0/1) D:4

Altars:
Fedhas
Hepliaklqana
Kikubaaqudgha
Nemelex Xobeh
Zin


Innate Abilities, Weirdness & Mutations

You cannot be hasted, slowed, berserked, paralysed or teleported.
You can dig through walls and to a lower floor.
You have a pair of large antennae on your head. (SInv)
Your four strong arms can wield two-handed weapons with a shield.
You are agile. (Dex +4, Str/Int -1)
Your muscles are strong. (Str +4, Int/Dex -1)
Your spells are a little easier to cast, but a little less powerful.


Message History

The komodo dragon misses you.
You closely miss the komodo dragon.
The komodo dragon is moderately wounded.
The komodo dragon barely misses you.
You hit the komodo dragon but do no damage.
The komodo dragon is moderately wounded.
The komodo dragon bites you but does no damage.
You hit the komodo dragon but do no damage.
The komodo dragon is moderately wounded.
The komodo dragon misses you. The komodo dragon bites you!!
* * * LOW HITPOINT WARNING * * *
You are too injured to fight recklessly!
You are too injured to fight recklessly!
You are too injured to fight recklessly!
You are too injured to fight recklessly!
You are too injured to fight recklessly!
You are too injured to fight recklessly!
You are too injured to fight recklessly!
You are too injured to fight recklessly!
You are too injured to fight recklessly!
You are too injured to fight recklessly!
You are too injured to fight recklessly!
You are too injured to fight recklessly!
Okay, then.
It was a potion of mutation.
You feel extremely strange.
Your connection to magic feels subdued.
You feel stronger.
You feel agile.
The komodo dragon bites you but does no damage.
The air fills with toxic fumes!
As you read the scroll labelled KORAVU ICIC, it crumbles to dust.
It was a scroll of poison.
The komodo dragon misses you.
Okay, then.
Unknown command.
You fail to use your ability.
The komodo dragon closely misses you.
Your black bear goes berserk!
You can no longer call in reinforcements.
The komodo dragon completely misses you.
Really walk into that cloud of poison gas?
You swap places.
You are engulfed in poison gas.
You are lethally poisoned!
You die...

#### ...# ##.#
##.# ...#########
#..........#######
##.#######.....§§#
...# #######@#
#### #h# # #l# ###
#§§.# ..# #######
###§# #.# #.....#
§# #.# #.....# #
#.###.....#
....#.....#


You could see a komodo dragon (ally target) and a friendly black bear (summoned,
berserk).

Vanquished Creatures
  Duvessa (D:7)
  A centaur (D:4)
  A scorpion (D:4)
  A necrophage (D:4)
  Dowan (D:7)
  An orc priest (D:7)
  Jessica (D:2)
  Ijyb (D:4)
  6 adders
  An ufetubus (D:4)
  3 worms
  3 dart slugs
  5 orcs
  10 ball pythons
  4 endoplasms
  A giant cockroach (D:1)
  8 goblins
  12 hobgoblins
  10 jackals
  8 kobolds
  6 quokkas
  4 bats
  2 frilled lizards (D:1)
  8 rats
99 creatures vanquished.

Notes
Turn   | Place    | Note
-------+----------+-------------------------------------------
     0 | D:1      | Gabide the Formicid Berserker began the quest for the Orb.
     0 | D:1      | Reached XP level 1. HP: 18/18 MP: 1/1
   171 | D:1      | Reached XP level 2. HP: 19/24 MP: 2/2
   675 | D:1      | Reached XP level 3. HP: 28/29 MP: 3/3
   698 | D:1      | Reached ** piety under Trog
  1417 | D:2      | Noticed Jessica
  1422 | D:2      | Killed Jessica
  1423 | D:2      | Reached skill level 4 in Maces & Flails
  1423 | D:2      | Reached XP level 4. HP: 37/37 MP: 4/4
  1717 | D:2      | Identified the ring of Evvef {rF++ Dex+6}
  2003 | D:2      | Reached *** piety under Trog
  2160 | D:3      | Reached XP level 5. HP: 38/42 MP: 5/5
  2236 | D:3      | Found a sparkling altar of Nemelex Xobeh.
  2237 | D:3      | Found a blossoming altar of Fedhas.
  2433 | D:3      | Found a glowing silver altar of Zin.
  2654 | D:3      | Found a hazy altar of Hepliaklqana.
  2863 | D:4      | Reached skill level 5 in Maces & Flails
  2863 | D:4      | Reached XP level 6. HP: 24/49 MP: 3/6
  3051 | D:4      | Found a staircase to the Ecumenical Temple.
  3074 | D:4      | Noticed Ijyb
  3088 | D:4      | Killed Ijyb
  3428 | D:4      | Reached XP level 7. HP: 24/55 MP: 3/7
  3532 | D:4      | Reached **** piety under Trog
  3533 | D:4      | Reached skill level 5 in Fighting
  3689 | D:4      | You fall into a shaft and drop 3 floors!
  3802 | D:7      | Found an ancient bone altar of Kikubaaqudgha.
  3816 | D:7      | Noticed Duvessa
  3816 | D:7      | Noticed Dowan
  3837 | D:7      | Killed Duvessa
  3838 | D:7      | Reached skill level 6 in Maces & Flails
  3843 | D:7      | Killed Dowan
  4097 | D:7      | Noticed a komodo dragon
  4105 | D:7      | Gained mutation: Your spells are a little easier to cast,
                  | but a little less powerful. [potion of mutation]
  4105 | D:7      | Gained mutation: Your muscles are strong. (Str +4, Int/Dex
                  | -1) [potion of mutation]
  4105 | D:7      | Gained mutation: You are agile. (Dex +4, Str/Int -1)
                  | [potion of mutation]
  4109 | D:7      | Engulfed by a cloud of poison gas

Illustrated notes

Levels and vault maps discovered:
D:1:      nicolae_arrival_somewhat_less_tricky_arrival, layout_loops_ring
D:2:      layout_rooms, grunt_ministairs_13, minmay_tetromino_s2, uniq_jessica
D:3:      layout_basic, mainiacjoe_overflow_big_doors,
          mainiacjoe_overflow_divided_tiny, ebering_dispersal_statue_hall
D:4:      layout_rooms, minmay_temple_entry_junction, uniq_ijyb
D:7:      layout_loops_cross, kennysheep_little_box,
          mainiacjoe_overflow_catwalk, uniq_duvessa

Skill      XL: |  1  2  3  4  5  6  7 |
---------------+----------------------+-----
Dodging        | 2 3 |  3.9
Maces & Flails | 4 5 6 |  6.3
Fighting       | 4 5 |  5.3
Armour         | |  2.1

Action                   |  1- 3 |  4- 6 |  7- 9 || total
-------------------------+-------+-------+-------++-------
Melee: Mace              |    82 |   161 |       ||   243
       Punch             |     1 |     2 |     1 ||     4
       Flail             |       |    16 |    25 ||    41
Throw: Javelin           |     4 |    14 |     8 ||    26
       Dart              |       |       |     1 ||     1
Invok: Trog's Hand       |       |     2 |     1 ||     3
       Brothers in Arms  |       |       |     1 ||     1
Evoke: Wand              |       |       |     1 ||     1
  Use: Scroll            |       |     4 |     1 ||     5
       Potion            |       |     2 |     1 ||     3
 Stab: Sleeping          |       |     1 |       ||     1
Armor: Animal skin       |    19 |    22 |       ||    41
       Ring mail         |       |    48 |     6 ||    54
Dodge: Dodged            |    58 |   153 |    14 ||   225
